 Dungeon Crawl Stone Soup version 0.22.1-1-ga44c0e5 (webtiles) character file.

2914 Zebedee the Grappler (level 9, -9/81 HPs)
             Began as a Troll Transmuter on Oct 7, 2018.
             Was a Follower of Sif Muna.
             Mangled by a porcupine (11 damage)
             ... on level 8 of the Dungeon.
             The game lasted 00:23:39 (6409 turns).

Zebedee the Grappler (Troll Transmuter)             Turns: 6409, Time: 00:23:40

Health: -9/81      AC: 10    Str: 20    XL:     9   Next: 50%
Magic:  13/13      EV:  7    Int: 12    God:    Sif Muna [*.....]
Gold:   315        SH:  9    Dex: 10    Spells: 6/14 levels left

rFire    . . .     SeeInvis +     - Unarmed
rCold    . . .     Gourm    +   G - +2 shield
rNeg     . . .     Faith    .   z - +2 robe
rPois    .         Spirit   .   (helmet restricted)
rElec    .         Reflect  .   v - +0 cloak
rCorr    .         Harm     .   (gloves unavailable)
MR       .....                  (boots unavailable)
Stlth    +.........             (no amulet)
HPRegen  0.63/turn              F - ring of see invisible
MPRegen  0.13/turn              u - ring of wizardry (curse)

@: no status effects
A: large, unfitting armour, claws 3, slimy green scales 1, fast metabolism 3,
gourmand, regeneration 1, screaming 1, shaggy fur 1, tough skin 2, wild magic 1
a: Divine Energy, Renounce Religion


You were on level 8 of the Dungeon.
You worshipped Sif Muna.
Sif Muna was aware of your devotion.
You were completely stuffed.

You visited 1 branch of the dungeon, and saw 8 of its levels.

You collected 315 gold pieces.

Inventory:

Hand Weapons
 h - a +3 flail of protection
 r - a +0 blowgun
 y - a +0 whip of electrocution
Missiles
 a - 51 arrows
 m - 8 steel tomahawks (quivered)
 q - 4 tomahawks of returning
 s - 39 poisoned needles
Armour
 b - a +0 robe
 v - a +0 cloak (worn)
 z - a +2 robe (worn)
 G - a +2 shield (worn)
Jewellery
 f - an uncursed ring of ice
 g - an uncursed ring of attention
 p - a +4 ring of strength
 u - a cursed ring of wizardry (right claw)
 F - a ring of see invisible (left claw)
Wands
 t - a wand of polymorph (7)
 w - a wand of iceblast (6)
 I - a wand of enslavement (12)
Scrolls
 c - 10 scrolls of identify
 e - 3 scrolls of fog
 n - 3 scrolls of teleportation
 x - 2 scrolls of amnesia
 B - a scroll of remove curse
 C - 2 scrolls of immolation
 E - a scroll of enchant weapon {unknown}
 H - a scroll of magic mapping {unknown}
Potions
 i - a potion of cancellation
 j - a potion of agility {unknown}
 k - 2 potions of lignification {unknown}
 l - 2 potions of berserk rage {unknown}
 o - a potion of experience {unknown}
 A - a potion of brilliance {unknown}
 D - a potion of ambrosia {unknown}
 J - a potion of degeneration {unknown}
Comestibles
 d - 14 rations
 K - 5 chunks of flesh


   Skills:
 + Level 3.1 Fighting
 - Level 1.5 Dodging
 + Level 0.2 Shields
 + Level 10.6 Unarmed Combat
 * Level 3.4 Spellcasting
 * Level 1.3 Hexes
 - Level 3.4 Transmutations
 - Level 0.8 Ice Magic


You had 6 spell levels left.
You knew the following spells:

 Your Spells              Type           Power        Failure   Level  Hunger
a - Beastly Appendage     Tmut           ##....       21%         1    #......
b - Sticks to Snakes      Tmut           ##......     28%         2    ##.....
c - Ice Form              Ice/Tmut       #.......     94%         4    #####..
d - Confusing Touch       Hex            #.....       38%         1    #......

Your spell library contained the following spells:

 Spells                   Type           Power        Failure   Level  Hunger
 Spider Form              Tmut/Pois      #.........   71%         3    ###....
 Confuse                  Hex            #.......     75%         3    ###....
 Gell's Gravitas          Tloc           #.........   89%         3    ###....
 Petrify                  Tmut/Erth      #.......     96%         4    #####..
 Blade Hands              Tmut           ##........   99%         5    ######.
 Yara's Violent Unravell  Hex/Tmut       ##........   99%         5    ######.
 Metabolic Englaciation   Hex/Ice        #.........   100%        5    ######.


Dungeon Overview and Level Annotations

Branches:
Dungeon (8/15)             Temple (0/1) D:6
   Lair: D:8-11

Altars:
Ashenzari
Elyvilon
Gozag
Nemelex Xobeh
Okawaru
Sif Muna
Uskayaw
Wu Jian
Xom
Zin

Shops:
D:4 %   D:6 [

Annotations:
D:3 exclusion: downstairs


Innate Abilities, Weirdness & Mutations

You are too large for most types of armour.
You have claws for hands.
Your metabolism is lightning-fast.
You like to eat raw meat.
Your natural rate of healing is unusually fast.
You are covered in fur. (AC +1)
You have very tough skin. (AC +2)
You are partially covered in slimy green scales. (AC +2)
You occasionally shout uncontrollably at your foes.
Your spells are a little harder to cast, but a little more powerful.


Message History

The porcupine is almost dead.
The porcupine bites you!
The porcupine bites you but does no damage.
You barely miss the porcupine.
The porcupine is almost dead.
The porcupine bites you! x2
* * * LOW HITPOINT WARNING * * *
You block the porcupine's attack.
You block the porcupine's attack. x2; The porcupine bites you!
* * * LOW HITPOINT WARNING * * *
Okay, then.
Okay, then.
Found 19 gold pieces and a bubbling red potion.
The porcupine bites you!
* * * LOW HITPOINT WARNING * * *
The porcupine bites you.
* * * LOW HITPOINT WARNING * * *
It was a potion of cancellation.
You feel magically purged. The porcupine bites you!
You die...

## ###. .# .....
.### !$.... ...#
.......##...##
.......#.....#
.......#@....#
.... #rrr...###
..... +.........
......#.....######
#....<.t........
#...............
+............>..
#.........).....
##+#......######


You could see a crocodile and 3 porcupines.

Vanquished Creatures
  Pikel (D:5)
  Sigmund (D:4)
  Eustachio (D:4)
  Edmund (D:3)
  A black bear (D:8)
  A phantom (D:7)
  A sky beast (D:7)
  3 slaves (D:5)
  2 centaurs (D:7)
  A wyvern zombie (D:7)
  3 scorpions
  2 howler monkeys
  4 wights (D:6)
  6 crimson imps
  6 orc priests
  A hound (D:7)
  4 orc wizards
  2 quasits
  A centaur skeleton (D:5)
  Jessica (D:2)
  Natasha (thrice) (D:4)
  An iguana (D:6)
  A worker ant (D:5)
  A hound skeleton (D:4)
  Robin (D:4)
  4 gnolls (D:4)
  12 adders
  A shadow imp (D:7)
  An ooze (D:4)
  2 adder skeletons
  An adder zombie (D:7)
  4 worms
  6 leopard geckos
  30 orcs
  6 bats
  8 giant cockroaches
  15 goblins
  16 hobgoblins
  5 jackals (D:1)
  12 kobolds
  4 quokkas
  4 ball pythons
  6 frilled lizards
  3 jackal skeletons
  2 leopard gecko skeletons
  11 rats
203 creatures vanquished.

Vanquished Creatures (others)
  An orc (D:5)
1 creature vanquished.

Grand Total: 204 creatures vanquished

Notes
Turn   | Place    | Note
-------+----------+-------------------------------------------
     0 | D:1      | Zebedee the Troll Transmuter began the quest for the Orb.
     0 | D:1      | Reached XP level 1. HP: 18/18 MP: 1/1
   123 | D:1      | Reached XP level 2. HP: 24/26 MP: 3/3
   460 | D:1      | Learned a level 2 spell: Sticks to Snakes
   492 | D:1      | Reached XP level 3. HP: 27/32 MP: 4/4
  1037 | D:2      | Found an iron altar of Okawaru.
  1040 | D:2      | Reached skill level 4 in Unarmed Combat
  1044 | D:2      | Found a white marble altar of Elyvilon.
  1049 | D:2      | Found a shimmering altar of Xom.
  1264 | D:2      | Noticed Jessica
  1271 | D:2      | Killed Jessica
  1271 | D:2      | Reached skill level 1 in Fighting
  1271 | D:2      | Reached XP level 4. HP: 39/41 MP: 3/5
  2017 | D:3      | Found a sparkling altar of Nemelex Xobeh.
  2045 | D:3      | Reached XP level 5. HP: 5/48 MP: 6/6
  2190 | D:3      | Reached skill level 5 in Unarmed Combat
  2623 | D:3      | Found a glowing silver altar of Zin.
  2782 | D:3      | Found a shattered altar of Ashenzari.
  2782 | D:3      | Found a hide-covered altar of Uskayaw.
  2787 | D:3      | Found an ornate altar of the Wu Jian Council.
  2789 | D:3      | Found a faded altar of an unknown god.
  2790 | D:3      | Found a sparkling altar of Nemelex Xobeh.
  2917 | D:4      | Gained mutation: You are occasionally teleported next to
                  | monsters. [potion of mutation]
  2917 | D:4      | Gained mutation: Scrolls take you a little longer to read.
                  | [potion of mutation]
  2917 | D:4      | Gained mutation: Your muscles are strong. (Str +2) [potion
                  | of mutation]
  2917 | D:4      | Gained mutation: Your muscles are very strong. (Str +4)
                  | [potion of mutation]
  2918 | D:4      | Lost mutation: Scrolls take you a little longer to read.
                  | [potion of mutation]
  2918 | D:4      | Lost mutation: You are occasionally teleported next to
                  | monsters. [potion of mutation]
  2918 | D:4      | Lost mutation: Your muscles are very strong. (Str +4)
                  | [potion of mutation]
  2918 | D:4      | Gained mutation: You are partially covered in molten
                  | scales. (AC +2) [potion of mutation]
  2918 | D:4      | Gained mutation: You evolve. [potion of mutation]
  2921 | D:4      | Noticed Natasha
  2928 | D:4      | Killed Natasha
  2999 | D:4      | Noticed Edmund
  3000 | D:4      | Noticed Robin
  3064 | D:4      | Found Ymoqun Mil's Food Boutique.
  3070 | D:4      | Killed Robin
  3129 | D:3      | Reached XP level 6. HP: 46/55 MP: 8/8
  3181 | D:3      | Killed Edmund
  3181 | D:3      | Reached skill level 6 in Unarmed Combat
  3315 | D:4      | Reached XP level 7. HP: 62/62 MP: 9/9
  3362 | D:4      | Noticed Eustachio
  3374 | D:4      | Killed Eustachio
  3374 | D:4      | Reached skill level 7 in Unarmed Combat
  3441 | D:4      | Noticed Sigmund
  3453 | D:4      | Killed Sigmund
  3453 | D:4      | Reached skill level 8 in Unarmed Combat
  3501 | D:4      | Noticed Natasha
  3505 | D:4      | Killed Natasha
  3530 | D:4      | Noticed Natasha
  3539 | D:4      | Killed Natasha
  3594 | D:4      | Reached XP level 8. HP: 70/72 MP: 10/10
  3815 | D:4      | Found a deep blue altar of Sif Muna.
  4170 | D:4      | Became a worshipper of Sif Muna the Loreminder
  4208 | D:5      | Entered Level 5 of the Dungeon
  4227 | D:5      | Learned a level 4 spell: Ice Form
  4380 | D:5      | Noticed Pikel
  4522 | D:5      | Killed Pikel
  4522 | D:5      | Reached skill level 9 in Unarmed Combat
  4951 | D:6      | Found a deep blue altar of Sif Muna.
  5057 | D:6      | Found Tetyhowi's Armour Emporium.
  5105 | D:6      | Found an opulent altar of Gozag.
  5117 | D:6      | Reached * piety under Sif Muna
  5194 | D:6      | Reached XP level 9. HP: 68/80 MP: 12/12
  5230 | D:6      | Lost mutation: You evolve. [evolution]
  5234 | D:6      | Lost mutation: You are partially covered in molten scales.
                  | (AC +2) [potion of mutation]
  5234 | D:6      | Lost mutation: Your muscles are strong. (Str +2) [potion of
                  | mutation]
  5234 | D:6      | Gained mutation: You occasionally shout uncontrollably at
                  | your foes. [potion of mutation]
  5234 | D:6      | Gained mutation: You are partially covered in slimy green
                  | scales. (AC +2) [potion of mutation]
  5234 | D:6      | Gained mutation: Your spells are a little harder to cast,
                  | but a little more powerful. [potion of mutation]
  5262 | D:6      | Reached skill level 10 in Unarmed Combat
  5600 | D:6      | Learned a level 1 spell: Confusing Touch
  5611 | D:6      | Found a staircase to the Ecumenical Temple.
  6062 | D:7      | Reached skill level 1 in Hexes
  6407 | D:8      | HP: 3/81 [porcupine (10)]
  6408 | D:8      | HP: 1/81 [porcupine (2)]
  6409 | D:8      | Mangled by a porcupine

Skill      XL: |  1  2  3  4  5  6  7  8  9 |
---------------+----------------------------+-----
Unarmed Combat | 4 5 6 8 9 10 | 10.6
Fighting       | 1 2 3 |  3.1
Transmutations | 2 3 |  3.4
Spellcasting   | 2 3 |  3.4
Hexes          | 1 |  1.3
Dodging        | |  1.5
Shields        | |  0.2
Ice Magic      | |  0.8

Action                   |  1- 3 |  4- 6 |  7- 9 || total
-------------------------+-------+-------+-------++-------
Melee: Unarmed           |   113 |   168 |   310 ||   591
       Headbutt          |     4 |       |       ||     4
       Kick              |     2 |     3 |       ||     5
       Punch             |       |     4 |     7 ||    11
 Cast: Beastly Appendage |    13 |     6 |       ||    19
       Sticks to Snakes  |       |     3 |       ||     3
  Use: Scroll            |       |     7 |     2 ||     9
       Potion            |       |     2 |     2 ||     4
 Stab: Sleeping          |       |     1 |       ||     1
       Distracted        |       |     1 |       ||     1
  Eat: Chunk             |    15 |    22 |    29 ||    66
Armor: Robe              |    43 |    86 |   116 ||   245
Dodge: Dodged            |    51 |    97 |   106 ||   254
Block: Shield            |       |       |    25 ||    25
